 Dungeon Crawl Stone Soup version 0.30-a0-626-gd6a5dd7a1f (webtiles) character file.

Game seed: 9722950245506464040

169 acebull12 the Sneak (level 5, -1/25 HPs)
             Began as a Spriggan Enchanter on Jan 11, 2023.
             Killed from afar by an orc wizard (5 damage)
             ... with a puff of flame
             ... on level 3 of the Dungeon.
             The game lasted 00:10:44 (2812 turns).

acebull12 the Sneak (Spriggan Enchanter)            Turns: 2812, Time: 00:10:44

Health: -1/25      AC:  2    Str:  4    XL:     5   Next: 25%
Magic:  11/11      EV: 18    Int: 16    God:
Gold:   209        SH:  0    Dex: 18    Spells: 9/11 levels left

rFire   . . .      SeeInvis +    v - +2 dagger (speed)
rCold   . . .      Faith    .    (no shield)
rNeg    . . .      Spirit   .    b - +0 robe
rPois   .          Reflect  .    (helmet restricted)
rElec   .          Harm     .    (no cloak)
rCorr   .          Rampage  .    (gloves unavailable)
Will    .....                    (boots unavailable)
Stlth   +++                      (no amulet)
HPRegen 0.24/turn                (no ring)
MPRegen 0.12/turn                (no ring)

@: very quick
A: very small, no large weapons, unfitting armour, see invisible, speed 3
a: no special abilities


You were on level 3 of the Dungeon.
You visited 1 branch of the dungeon, and saw 4 of its levels.

You collected 209 gold pieces.

Inventory:

Hand Weapons
 v - a +2 dagger of speed (weapon)
Missiles
 d - 39 stones (quivered)
 m - 6 atropa-tipped darts
Armour
 b - a +0 robe (worn)
Jewellery
 r - an amulet of faith
Scrolls
 e - 3 scrolls of amnesia {unknown}
 f - a scroll of magic mapping {unknown}
 g - 2 scrolls of teleportation {unknown}
 h - a scroll of acquirement {unknown}
 i - a scroll of enchant armour {unknown}
 j - 5 scrolls of identify {unknown}
 l - a scroll of butterflies {unknown}
 n - 2 scrolls of immolation {unknown}
 p - a scroll of blinking {unknown}
 s - a scroll of enchant weapon {unknown}
Potions
 c - 2 potions of invisibility
 k - a potion of berserk rage {unknown}
 o - a potion of degeneration {unknown}
 q - 2 potions of attraction {unknown}
 t - a potion of heal wounds {unknown}
 u - a potion of curing {unknown}


   Skills:
 + Level 0.4 Fighting
 + Level 1.9 Short Blades
 + Level 3.1 Dodging
 + Level 6.3 Stealth
 * Level 3.7 Spellcasting
 * Level 5.0 Hexes


You had 9 spell levels left.
You knew the following spells:

 Your Spells              Type           Power      Damage    Failure   Level
a - Ensorcelled Hibernat  Hex/Ice        22%        N/A       10%         2

Your spell library contained the following spells:

 Spells                   Type           Power      Damage    Failure   Level
 Confusing Touch          Hex            19%        N/A       7%          3
 Tukima's Dance           Hex            19%        N/A       7%          3
 Necrotise                Necr           8%         1d4       17%         1
 Dazzling Flash           Conj/Hex       22%        N/A       19%         3
 Gell's Gravitas          Tloc           2%         N/A       45%         3
 Ozocubu's Armour         Ice            2%         N/A       45%         3
 Teleport Other           Tloc           2%         N/A       45%         3
 Vampiric Draining        Necr           2%         2d6       45%         3
 Agony                    Necr           2%         N/A       99%         5
 Dispersal                Tloc           1%         N/A       100%        6
 Ozocubu's Refrigeration  Ice            1%         4d7       100%        7


Dungeon Overview and Level Annotations

Branches:
Dungeon (4/15)
 Temple: D:4-7

Altars:
Hepliaklqana
Ru
Trog
Uskayaw
Yredelemnul


Innate Abilities, Weirdness & Mutations

You are very small and have problems with some larger weapons.
You are too small for most types of armour.
You have supernaturally acute eyesight. (SInv)
You cover ground extremely quickly. (Speed+++)


Message History

Things that are here:
a +0 hand axe; an orc corpse You start resting.
HP restored.
The orc wizard shouts!
The orc wizard gestures at you while chanting.
The puff of flame hits you!
The orc wizard hits you with a +0 dagger.
You hit the orc wizard but do no damage.
You hit the orc wizard.
The orc wizard is moderately wounded.
The orc wizard casts a spell.
The orc wizard flickers and vanishes for a moment.
You hit the orc wizard.
The orc wizard is heavily wounded.
You barely miss the orc wizard.
The orc wizard is heavily wounded.
The orc wizard hits you with a +0 dagger.
You hit the orc wizard but do no damage.
The orc wizard is heavily wounded.
You closely miss the orc wizard.
The orc wizard is heavily wounded.
The orc wizard barely misses you.
You completely miss the orc wizard.
The orc wizard is heavily wounded.
The orc wizard hits you with a +0 dagger.
* * * LOW HITPOINT WARNING * * *
You miss the orc wizard.
The orc wizard is heavily wounded.
You hit the orc wizard but do no damage.
The orc wizard is heavily wounded.
The orc wizard hits you with a +0 dagger.
* * * LOW HITPOINT WARNING * * *
You hit the orc wizard but do no damage.
The orc wizard is heavily wounded.
You closely miss the orc wizard.
The orc wizard is heavily wounded.
The orc wizard casts a spell at you. The puff of flame hits you.
You die...

#.# #...##......)..###.# #.#
###...#.#.#>#.####.### #.#
##............##.)... ###.#
#...>#.#.#.#.###..### ##...#
#.##.#.#.....###....# #..###
#.##...#..###....##.# #.##
###o##.......#..#####.#
###.#######...##o#..#....### #.#
.....o..o...####@#....#....# #..
........########.#..######.#####.
.......#######......# #.......
...^..<##.....<.##..### ##..###.
.......##.###..###....# ##......
.......##.....## ####.# ##..##)##
...........#### #...###......#
.####.....## #####..##..#####
.####..#### #...##..#..#


You could see an orc wizard (invisible).

Vanquished Creatures
  An ogre (D:3)
  A gnoll (D:3)
  2 adders (D:3)
  3 dart slugs
  4 orcs (D:3)
  5 ball pythons
  3 bats
  3 endoplasms
  A giant cockroach (D:3)
  3 goblins (D:3)
  2 hobgoblins (D:2)
  3 jackals (D:3)
  8 kobolds
  2 frilled lizards (D:3)
  9 rats
50 creatures vanquished.

Vanquished Creatures (others)
  10 plants
10 creatures vanquished.

Grand Total: 60 creatures vanquished

Notes
Turn   | Place    | Note
-------+----------+-------------------------------------------
     0 | D:1      | acebull12 the Spriggan Enchanter began the quest for the
                  | Orb.
     0 | D:1      | Reached XP level 1. HP: 9/9 MP: 5/5
   319 | D:1      | Reached XP level 2. HP: 13/13 MP: 6/6
   860 | D:2      | Reached skill level 5 in Stealth
  1138 | D:2      | Learned a level 2 spell: Ensorcelled Hibernation
  1183 | D:2      | Found a hazy altar of Hepliaklqana.
  1302 | D:3      | Reached XP level 3. HP: 16/16 MP: 8/8
  1492 | D:3      | Noticed an ogre
  1914 | D:3      | Found a basalt altar of Yredelemnul.
  1917 | D:3      | Found a hide-covered altar of Uskayaw.
  1919 | D:3      | Found a bloodstained altar of Trog.
  2084 | D:3      | Killed an ogre
  2085 | D:3      | Reached skill level 6 in Stealth
  2085 | D:3      | Reached XP level 4. HP: 21/21 MP: 6/10
  2085 | D:3      | Reached XP level 5. HP: 25/25 MP: 6/11
  2091 | D:3      | Found a faded altar of an unknown god.
  2095 | D:3      | Found a sacrificial altar of Ru.
  2570 | D:3      | Reached skill level 5 in Hexes
  2671 | D:3      | HP: 1/25 [orc wizard/puff of flame (7)]
  2812 | D:3      | Killed from afar by an orc wizard

Illustrated notes

Levels and vault maps discovered:
D:1:      dpeg_arrival_lava_temple_mockup, layout_loops_ring
D:2:      layout_rooms, basic_altar, mrwooster_statue_mirror
D:3:      layout_rooms, nicolae_overflow_ecumenical_swirl,
          grunt_temple_overflow_diamond, grunt_decor_one_mirror, st_stairs_9,
          serial_bayou_ford_a, wander_ebering_terrifying_dragon_lair
D:4:      layout_basic, nicolae_hepliaklqana_hazy_memory, nrook_mini_vaults,
          amcnicky_altar_lugonu_corruption

Skill      XL: |  1  2  3  4  5 |
---------------+----------------+-----
Hexes          | 4 5 |  5.0
Stealth        | 5 6 |  6.3
Spellcasting   | 3 |  3.7
Dodging        | 3 |  3.1
Fighting       | |  0.4
Short Blades   | |  1.9

Action                   |  1- 3 |  4- 6 || total
-------------------------+-------+-------++-------
Melee: Dagger            |    77 |    77 ||   154
Throw: Stone             |     5 |       ||     5
 Cast: Ensorcelled Hiber |    12 |     3 ||    15
 Stab: Sleeping          |    18 |     2 ||    20
Armor: Robe              |     3 |     6 ||     9
Dodge: Dodged            |    36 |    50 ||    86

Table legend: (Time is in decaauts)
 A = Elapsed time spent in this place.
 B = Non-inter-level travel time spent in this place.
 C = Inter-level travel time spent in this place.
 D = Time resting spent in this place.
 E = Time spent auto-exploring this place.
 F = Levels seen in this place.
 G = Mean time per level.
                   A        B        C        D        E       F      G
               +--------+--------+--------+--------+--------+-----+--------+
         Total |   1983 |   1796 |    187 |    142 |   1130 |   4 |  495.8 |
       Dungeon |   1983 |   1796 |    187 |    142 |   1130 |   4 |  495.8 |
               +--------+--------+--------+--------+--------+-----+--------+

Top non-repeatable levels by time:
     D:3: 1058 daAuts
     D:1: 495 daAuts
     D:2: 413 daAuts
     D:4: 16 daAuts
